Map: Deathaura LE

Players

BigAsHaze

  • Race: Terran Terran
  • Spawn Location: 5:00

rottenorange - Winner!

  • Race: Zerg Zerg
  • League: Silver
  • Spawn Location: 11:00

VOD

Have the link to the VOD?

Description

Time

  • Played on: Oct. 10, 2020, 5:06 p.m.
  • Length: 12:31
Show
View Real Time Build Order
Export as new Build Order

BigAsHaze Terran 

Build Orders: Gas First Reaper Expand 

Get SALT Encoding   

  12  0:00  SCV  
  13  0:14  Supply Depot  
  13  0:18  SCV  
  14  0:30  SCV  
  14  0:34  Refinery  
  15  0:42  Barracks  
  15  0:46  SCV  
  16  0:58  SCV  
  17  1:10  SCV  
  18  1:30  Command Center  
  18  1:35  Reaper  
  19  1:44  Orbital Command  
  19  1:52  Supply Depot  
  19  2:05  Engineering Bay  
  19  2:11  Refinery  
  19  2:14  SCV  
  20  2:18  Marine  
  21  2:28  Factory  
  21  2:47  Planetary Fortress  
  20  2:56  Marine  
  21  3:03  SCV  
  22  3:14  Starport  
  22  3:15  SCV  
  22  3:17  Factory Tech Lab  
  23  3:27  SCV  
  23  3:28  Barracks Tech Lab  
  24  3:48  Stimpack, Bunker  
  24  3:58  Armory  
  24  4:01  SCV x2  
  26  4:13  SCV x2  
  28  4:20  Refinery  
  28  4:22  Refinery  
  28  4:23  Siege Tank  
  31  4:26  Marine  
  32  4:36  SCV x2  
  32  4:37  Barracks  
  34  4:44  Marine  
  35  4:46  Missile Turret  
  35  4:47  Missile Turret  
  35  4:48  SCV  
  35  4:51  Liberator  
  39  4:56  SCV  
  40  5:00  SCV  
  40  5:02  Marine  
  40  5:06  Siege Tank  
  45  5:15  Hi-Sec Auto Tracking  
  45  5:23  Supply Depot  
  45  5:38  Marine  
  46  5:44  Liberator  
  46  5:45  Hellion, Supply Depot  
  51  6:11  Barracks  
  51  6:12  Barracks  
  51  6:13  Barracks  
  51  6:27  Medivac  
  51  6:31  Bunker  
  53  6:42  Marine  
  54  6:57  Medivac  
  54  7:00  Marauder  
  58  7:01  Bunker, Missile Turret  
  58  7:02  Missile Turret  
  58  7:07  Starport  
  58  7:09  Starport  
  56  7:21  Marauder  
  58  7:27  Liberator  
  58  7:28  Command Center  
  61  7:31  SCV  
  62  8:03  Supply Depot  
  62  8:06  Supply Depot  
  62  8:15  Supply Depot  
  62  8:18  Supply Depot  
  62  8:24  Barracks Reactor, Medivac, Thor  
  62  8:27  SCV x2, Starport Tech Lab x2  
  70  8:33  Barracks Tech Lab  
  72  8:35  Barracks Reactor x2  
  72  8:40  SCV x2  
  74  8:48  Missile Turret  
  74  8:56  Missile Turret  
  74  9:01  Neosteel Armor  
  73  9:05  Banshee  
  76  9:14  Missile Turret  
  76  9:19  Missile Turret  
  54  10:17  Cloaking Field  
  54  10:19  Starport Tech Lab  
  54  10:30  Terran Ship Weapons Level 1  
  54  10:36  Orbital Command  
  54  10:43  Fusion Core  
  54  10:51  Command Center  
  54  10:53  Engineering Bay  
  54  11:19  Command Center  
  54  11:20  Armory  
  54  11:34  Marine x5  
  54  11:35  Marauder  
  54  11:36  Marauder  
  57  11:57  Marauder  
  28  12:24  Supply Depot  
Show
View Real Time Build Order
Export as new Build Order

rottenorange Zerg - Winner!

Build Orders: Hatch First 

Get SALT Encoding   

  12  0:00  Drone  
  13  0:16  Overlord  
  13  0:20  Drone  
  14  0:35  Drone x2  
  16  0:51  Hatchery  
  16  0:56  Drone  
  16  1:00  Extractor  
  16  1:01  Drone  
  16  1:15  Spawning Pool  
  15  1:18  Drone  
  15  1:25  Drone  
  17  1:26  Drone  
  18  1:36  Drone  
  19  1:43  Drone  
  20  2:01  Drone  
  21  2:03  Metabolic Boost  
  21  2:04  Queen  
  21  2:05  Queen  
  25  2:13  Zergling x2  
  25  2:14  Zergling x2  
  27  2:36  Drone  
  28  2:55  Overlord x3  
  28  3:15  Hatchery  
  28  3:20  Drone x9  
  33  3:38  Drone x4  
  37  3:43  Lair  
  37  4:04  Drone x6  
  37  4:05  Drone x3  
  46  4:12  Spore Crawler  
  45  4:18  Spore Crawler  
  45  4:19  Spore Crawler  
  45  4:21  Spore Crawler  
  43  4:24  Drone x4  
  43  4:25  Drone  
  43  4:30  Spore Crawler  
  43  4:31  Queen  
  48  4:32  Spore Crawler  
  47  4:38  Drone x2  
  47  4:39  Drone x2  
  47  4:44  Queen  
  53  4:49  Drone x2  
  55  4:56  Extractor  
  54  5:02  Roach Warren  
  54  5:05  Evolution Chamber  
  52  5:22  Spine Crawler  
  52  5:25  Spine Crawler  
  50  5:33  Zerg Missile Weapons Level 1  
  50  5:40  Drone  
  50  5:41  Drone x5  
  56  5:58  Overlord  
  56  5:59  Overlord x3  
  56  6:06  Extractor  
  56  6:08  Extractor  
  56  6:10  Drone x4  
  58  6:15  Overlord x3  
  58  6:16  Overlord x2  
  58  6:17  Overlord x2  
  58  6:20  Overseer x3  
  58  6:35  Spine Crawler  
  58  6:36  Spine Crawler  
  56  6:42  Drone x3  
  56  6:43  Drone  
  56  6:46  Drone x5  
  65  6:51  Drone  
  66  6:57  Roach  
  66  6:58  Roach x12  
  92  7:09  Hydralisk Den  
  92  7:15  Evolution Chamber  
  90  7:16  Roach  
  90  7:17  Roach x8  
  90  7:20  Glial Reconstitution  
  108  7:27  Zerg Ground Armor Level 1  
  108  7:38  Extractor  
  108  7:42  Extractor  
  106  7:48  Hydralisk  
  106  7:49  Hydralisk x7  
  122  7:56  Grooved Spines  
  122  7:59  Hatchery  
  121  8:16  Hydralisk x6  
  121  8:19  Overlord x6  
  133  8:20  Overlord  
  133  8:38  Hydralisk x6  
  145  8:45  Zerg Missile Weapons Level 2  
  145  8:55  Overlord x3  
  145  8:56  Overlord  
  145  8:58  Roach  
  145  8:59  Roach  
  145  9:02  Drone x2  
  151  9:23  Hydralisk  
  151  9:24  Hydralisk x5  
  163  9:36  Ravager x2  
  163  9:37  Ravager x4  
  163  9:38  Ravager  
  170  9:43  Spore Crawler  
  162  9:45  Queen  
  156  9:58  Hydralisk x4  
  156  9:59  Hydralisk x2  
  163  10:08  Drone  
  163  10:09  Drone x2  
  163  10:10  Drone  
  167  10:19  Drone x2  
  169  10:45  Muscular Augments  
  169  10:51  Roach  
  169  10:52  Roach x4  
  179  11:02  Spine Crawler x2  
  177  11:08  Spine Crawler  
  177  11:10  Spine Crawler  
  175  11:14  Drone x3  
  175  11:15  Drone  
  175  11:16  Spore Crawler  
  175  11:18  Drone x2  
  146  12:03  Roach  
  146  12:04  Roach x9, Hydralisk x6  
Tags
 
Add a new tag
Caveats
  • Supply blocks, unpowered buildings, or Contaminate may cause inaccurate times.
  • Supply counts are checked every 10 seconds.